 Dungeon Crawl Stone Soup version 0.18-a0-846-g91b95b1 (webtiles) character file.

53 tof the Insei (level 3, 0/33 HPs)
             Began as a Hill Orc Monk on Dec 20, 2015.
             Succumbed to a kobold's poison
             ... on level 3 of the Dungeon.
             The game lasted 00:05:20 (1564 turns).

tof the Insei (Hill Orc Monk)                       Turns: 1564, Time: 00:05:20

Health: 0/33       AC:  8    Str: 13    XL:     3   Next: 89%
Magic:  3/3        EV:  6    Int: 10    God:
Gold:   102        SH:  0    Dex: 14    Spells: 0 memorised, 2 levels left

rFire  . . .     SeeInvis .     o - +0 mace
rCold  . . .     Gourm    +     j - +0 chain mail
rNeg   . . .     Faith    .     (no shield)
rPois  .         Spirit   .     (no helmet)
rElec  .         Dismiss  .     (no cloak)
rCorr  .         Reflect  .     (no gloves)
SustAt .         Harm     .     (no boots)
MR     .....                    g - amulet of the gourmand
Stlth  ..........               (no ring)
                                l - ring of wizardry

@: lethally poisoned (0 -> -31), not resistant to hostile enchantments,
extremely unstealthy
A: no striking features
a: no special abilities


You were on level 3 of the Dungeon.
You were completely stuffed.

You visited 1 branch of the dungeon, and saw 3 of its levels.

You collected 102 gold pieces.

Inventory:

Hand Weapons
 o - a +0 mace (weapon)
Armour
 j - a +0 chain mail (worn)
Jewellery
 g - an amulet of the gourmand (around neck)
 l - a ring of wizardry (left hand)
Wands
 r - a wand of disintegration (10/24)
Scrolls
 c - 3 scrolls of remove curse {unknown}
 e - 2 scrolls of magic mapping {unknown}
 k - a scroll of teleportation {unknown}
 m - a scroll of blinking {unknown}
 n - a scroll of amnesia {unknown}
 q - a scroll of identify {unknown}
 s - a scroll of enchant weapon {unknown}
Potions
 a - a potion of haste {unknown}
 d - a potion of heal wounds {unknown}
 i - a potion of lignification {unknown}
Comestibles
 b - 2 bread rations
 f - a slice of pizza
 h - a meat ration
 p - 2 chunks of flesh


   Skills:
 + Level 4.2 Fighting
 + Level 2.9 Dodging
 + Level 1.8 Stealth
 + Level 5.0 Unarmed Combat


You had 2 spell levels left.
You didn't know any spells.

Dungeon Overview and Level Annotations

Branches:
Dungeon (3/15)

Altars:
Ashenzari
Elyvilon
Fedhas
Gozag
Kikubaaqudgha
Okawaru
Sif Muna
Trog
Vehumet
Xom


Message History

You feel very sick.
The kobold shoots a poisoned needle.
The poisoned needle hits you!
You are more poisoned.
You feel very sick.
The kobold shoots a poisoned needle.
The poisoned needle barely misses you.
* * * LOW HITPOINT WARNING * * *
You feel very sick.
You are too injured to fight recklessly!
* * * LOW HITPOINT WARNING * * *
You feel very sick.
The kobold unwields an uncursed blowgun.
The kobold hits you but does no damage.
You hit the kobold.
The kobold is moderately wounded.
* * * LOW HITPOINT WARNING * * *
You feel very sick. The kobold hits you but does no damage.
Your chain mail prevents you from hitting the kobold.
The kobold is moderately wounded.
You die...

#.....#.# #.#...#.# ######
#.##..... ###....# # #.##.#
#(.....### #.#
#####........#########.####
....$.†_..._...............
#####..(......# ######.####
#..(.8@...# #.# #......K..#
#.# ##._.(._.## #.#
#.......#########.#
#.#..).......K....#
#.###.############# #. ...#
#####.# ..#


You could see a kobold.

Vanquished Creatures
  2 adders (D:2)
  An ooze (D:1)
  An orc (D:3)
  4 bats
  A goblin (D:2)
  3 hobgoblins
  4 jackals (D:3)
  3 kobolds (D:1)
  A ball python (D:1)
  2 giant cockroaches (D:1)
  A giant newt (D:1)
  5 rats
28 creatures vanquished.

Notes
Turn   | Place    | Note
--------------------------------------------------------------
     0 | D:1      | tof the Hill Orc Monk began the quest for the Orb.
     0 | D:1      | Reached XP level 1. HP: 19/19 MP: 1/1
   255 | D:1      | Reached XP level 2. HP: 25/27 MP: 2/2
   790 | D:2      | Found a radiant altar of Vehumet.
   793 | D:2      | Found a white marble altar of Elyvilon.
   797 | D:2      | Found a bloodstained altar of Trog.
   797 | D:2      | Found an opulent altar of Gozag.
   801 | D:2      | Found a deep blue altar of Sif Muna.
   927 | D:2      | Found a shimmering altar of Xom.
  1046 | D:2      | Reached XP level 3. HP: 29/33 MP: 3/3
  1398 | D:3      | Reached skill level 5 in Unarmed Combat
  1541 | D:3      | Found an iron altar of Okawaru.
  1541 | D:3      | Found a blossoming altar of Fedhas.
  1541 | D:3      | Found a shattered altar of Ashenzari.
  1542 | D:3      | Found an ancient bone altar of Kikubaaqudgha.
  1564 | D:3      | Succumbed to a kobold's poison

Vault maps used:
D:1:      minmay_arrival_four_circles
D:2:      minitemple, overflow_temple_1_default
D:3:      grunt_temple_overflow_open, grunt_pakellas_basics, uniq_natasha,
          uniq_iyjb

Action                   || total
-------------------------++-------
Melee: Unarmed           ||    79
       Mace              ||    35
 Stab: Sleeping          ||     1
  Eat: Chunk             ||    11
